 Dungeon Crawl Stone Soup version 0.31-a0-233-g139696dc86 (webtiles) character file.

Game seed: 811852061105433879

74 qw the Shooter (level 4, 0/36 HPs)
             Began as a Minotaur Hexslinger on July 7, 2023.
             Slain by Robin
             ... wielding a +0 dagger of pain
              (1 damage)
             ... on level 2 of the Dungeon.
             The game lasted 00:00:33 (1081 turns).

qw the Shooter (Minotaur Hexslinger)                Turns: 1081, Time: 00:00:33

Health: 0/36       AC:  2    Str: 13    XL:     4   Next: 10%
Magic:  4/4        EV: 12    Int: 10    God:
Gold:   102        SH:  0    Dex: 14    Spells: 4/5 levels left

rFire   . . .        Y - +1 sling (elec)
rCold   . . .        (no shield)
rNeg    . . .        c - +0 robe
rPois   .            (helmet restricted)
rElec   .            (no cloak)
rCorr   .            (no gloves)
SInv    .            (no boots)
Will    .....        (no amulet)
Stlth   +            (no ring)
HPRegen 0.26/turn    (no ring)
MPRegen 0.09/turn

%: no passive effects
@: no status effects
A: horns 2, retaliatory headbutt
a: no special abilities


You were on level 2 of the Dungeon.
You visited 1 branch of the dungeon, and saw 2 of its levels.

You collected 102 gold pieces.


Innate Abilities, Weirdness & Mutations

You have a pair of horns on your head.
You reflexively headbutt those who attack you in melee.


   Skills:
 - Level 2.0 Fighting
 + Level 4.6 Ranged Weapons
 - Level 2.1 Dodging
 - Level 1.0 Spellcasting
 - Level 2.0 Hexes


You had 4 spell levels left.
You knew the following spells:

 Your Spells              Type           Power      Damage    Failure   Level
a - Slow                  Hex            16%        N/A       16%         1

Your spell library contained the following spells:

 Spells                   Type           Power      Damage    Failure   Level
 Inner Flame              Hex/Fire       2%         N/A       56%         3
 Portal Projectile        Hex/Tloc       4%         N/A       56%         3
 Cause Fear               Hex            2%         N/A       83%         4

Inventory:

Hand Weapons
 Y - a +1 sling of electrocution (weapon)
Armour
 c - a +0 robe (worn)
Scrolls
 a - a scroll of enchant armour {unknown}
 b - a scroll of revelation {unknown}
Potions
 h - a potion of enlightenment {unknown}
 j - a potion of attraction {unknown}

Dungeon Overview and Level Annotations

Branches:
Dungeon (2/15)

Altars:

Annotations:
D:2 Robin


Message History

You kill the goblin!
The goblin barely misses you.
You shoot a sling bullet. The sling bullet misses the goblin.
The sling bullet hits the goblin.
The goblin is moderately wounded.
Robin throws the goblin at you! The goblin closely misses you.
You furiously retaliate!
You headbutt the goblin. The goblin hits you with a +0 dagger.
You shoot a sling bullet. The sling bullet misses the goblin.
The sling bullet hits the goblin.
The goblin is severely wounded.
The goblin no longer looks unusually strong.
Robin roars a battlecry!
The goblin goes into a battle-frenzy!
The goblin barely misses you. You furiously retaliate!
You headbutt the goblin. The goblin misses you.
You shoot a sling bullet.
The sling bullet closely misses the goblin.
The sling bullet hits the goblin.
You kill the goblin!
The goblin hits you with a +0 club.
The goblin hits you with a +0 dagger. x2
The goblin hits you with a +0 club.
You shoot a sling bullet.
The sling bullet barely misses the goblin.
The sling bullet hits Robin.
Robin is moderately wounded.
The goblin no longer looks unusually strong.
Robin says, "Duck!"
Robin roars a battlecry!
The goblin goes into a battle-frenzy!
The goblin hits you but does no damage. The goblin closely misses you.
A goblin comes into view. It is wielding a +0 hand axe.
You shoot a sling bullet. The sling bullet hits the goblin.
You kill the goblin!
The goblin hits you with a +0 dagger.
You shoot a sling bullet. The sling bullet closely misses Robin.
The sling bullet hits the goblin.
Lightning courses through the goblin!
You kill the goblin!
Robin hits you with a +0 dagger of pain.
You die...

##############
.)..))g@g....#
...#########.#
#)# #.# #.#
.########.#
...#
..........#
#..#
#.######..#
#..# #..#


You could see Robin (fast) and a goblin (strong).

Vanquished Creatures
  3 adders (D:2)
  A worm (D:2)
  2 dart slugs (D:1)
  3 endoplasms (D:1)
  2 giant cockroaches
  4 hobgoblins
  2 jackals (D:2)
  A kobold (D:2)
  4 ball pythons (D:1)
  4 bats
  2 frilled lizards
  11 goblins
39 creatures vanquished.

Notes
Turn   | Place    | Note
-------+----------+-------------------------------------------
     0 | D:1      | qw the Minotaur Hexslinger began the quest for the Orb.
     0 | D:1      | Reached XP level 1. HP: 16/16 MP: 1/1
     0 | D:1      | 0 ||| qw: Version: 0.3-a-46-gb1f654a
     0 | D:1      | 0 ||| qw: Game counter: 3167
     0 | D:1      | 0 ||| qw: Melee chars always use a shield: true
     0 | D:1      | 0 ||| qw: God list: Okawaru
     0 | D:1      | 0 ||| qw: Allow faded altars: false
     0 | D:1      | 0 ||| qw: Do Orc after clearing Dungeon:15 true
     0 | D:1      | 0 ||| qw: Do second Lair branch before Depths: true
     0 | D:1      | 0 ||| qw: Lair rune preference: random
     0 | D:1      | 0 ||| qw: Goals: Normal
     0 | D:1      | 0 ||| PLANNING D:1-11
    65 | D:1      | Reached skill level 3 in Ranged Weapons
    65 | D:1      | Reached XP level 2. HP: 20/23 MP: 2/2
   101 | D:1      | Found a faded altar of an unknown god.
   568 | D:1      | 568 ||| READING scroll labelled XIMACUTOVU.
   569 | D:1      | 569 ||| READING scroll labelled LOSENI WURIDAU.
   572 | D:1      | 572 ||| READING 2 scrolls labelled YNOJOT UCUS.
   573 | D:1      | 573 ||| READING scroll of brand weapon.
   573 | D:1      | 573 ||| BRANDING +1 sling of draining.
   574 | D:1      | 574 ||| READING scroll labelled CICAGE GEPOPLE.
   575 | D:1      | 575 ||| READING scroll labelled DEDOMAYZEIT.
   621 | D:1      | 621 ||| READING scroll labelled XEPIRA PUIS.
   622 | D:1      | 622 ||| DROPPING scroll of poison.
   718 | D:2      | Reached XP level 3. HP: 15/29 MP: 3/3
   723 | D:2      | HP: 7/29 [poisoned by an adder]
   732 | D:2      | 732 ||| FLEEEEING.
   835 | D:2      | Reached skill level 4 in Ranged Weapons
   838 | D:2      | HP: 7/29 [poisoned by an adder]
   844 | D:2      | 844 ||| FLEEEEING.
  1067 | D:2      | Noticed Robin
  1071 | D:2      | Reached XP level 4. HP: 27/36 MP: 4/4
  1078 | D:2      | HP: 8/36 [goblin/+0 dagger[Robin] (4)]
  1080 | D:2      | HP: 1/36 [goblin/+0 dagger[Robin] (3)]
  1081 | D:2      | Slain by Robin

Levels and vault maps discovered:
D:1:      nicolae_arrival_washed_ashore, layout_rooms,
          shapermc_ecumenical_altar_venn, minmay_pentomino_o2
D:2:      layout_loops_ring, basic_altar, uniq_sigmund, uniq_robin

Skill      XL: |  1  2  3 |
---------------+----------+-----
Ranged Weapons | 3 4 |  4.6
Fighting       | 2 |  2.0
Dodging        | |  2.1
Spellcasting   | |  1.0
Hexes          | |  2.0

Action                     |  1- 3 |  4- 6 || total
---------------------------+-------+-------++-------
   Fire: Sling             |   123 |    11 ||   134
    Use: Scroll            |     7 |       ||     7
 Armour: Robe              |    12 |     1 ||    13
  Dodge: Dodged            |    38 |     9 ||    47

Table legend:
 A = Non-vault XP
 B = Vault XP
 C = Vault XP percentage of total XP
 D = Non-vault monster count
 E = Vault monster count
 F = Vault count percentage of total count
                 A         B        C        D         E       F
            +---------+---------+-------+---------+---------+-------
      Total |      90 |      19 |  17.4 |      29 |      10 |  25.6
            +---------+---------+-------+---------+---------+-------
        D:1 |      35 |       0 |   0.0 |      19 |       0 |   0.0
        D:2 |      55 |      19 |  25.7 |      10 |      10 |  50.0
            +---------+---------+-------+---------+---------+-------
